 Dungeon Crawl Stone Soup version 0.26.1-11-gd32895ea62 (webtiles) character file.

Game seed: 8200291163033341792

395 dtburroughs the Skirmisher (level 6, -3/56 HPs)
             Began as a Minotaur Berserker on May 14, 2021.
             Was a Believer of Trog.
             Slain by a worker ant (8 damage)
             ... on level 4 of the Dungeon.
             The game lasted 00:10:37 (4803 turns).

dtburroughs the Skirmisher (Minotaur Berserker)     Turns: 4803, Time: 00:10:37

Health: -3/56      AC:  2    Str: 21    XL:     6   Next: 52%
Magic:  5/5        EV: 13    Int:  6    God:    Trog [**....]
Gold:   137        SH:  0    Dex: 10    Spells: 5/5 levels left

rFire    . . .     SeeInvis .   a - +0 hand axe
rCold    . . .     Faith    .   (no shield)
rNeg     . . .     Spirit   .   b - +0 animal skin
rPois    .         Reflect  .   (helmet restricted)
rElec    .         Harm     .   (no cloak)
rCorr    .         Rampage  .   (no gloves)
Will     ++...                  (no boots)
Stlth    +.........             (no amulet)
HPRegen  1.18/turn              (no ring)
MPRegen  0.09/turn              (no ring)

@: lethally poisoned (-3 -> -3), regenerating
A: retaliatory headbutt, horns 2
a: Renounce Religion, Berserk, Trog's Hand


You were on level 4 of the Dungeon.
You worshipped Trog.
Trog was pleased with you.
You visited 1 branch of the dungeon, and saw 5 of its levels.

You collected 137 gold pieces.

Inventory:

Hand Weapons
 a - a +0 hand axe (weapon)
Armour
 b - a +0 animal skin (worn)
Jewellery
 o - an uncursed ring of flight {unknown}
Scrolls
 c - 3 scrolls of identify {unknown}
 g - 2 scrolls of remove curse {unknown}
 k - 3 scrolls of enchant weapon {unknown}
 m - a scroll of fog {unknown}
 n - a scroll of noise {unknown}
 q - a scroll of enchant armour {unknown}
 r - a scroll of amnesia {unknown}
Potions
 d - 2 potions of curing {unknown}
 e - 2 potions of heal wounds {unknown}
 f - a potion of degeneration {unknown}
 h - 3 potions of cancellation {unknown}
 i - a potion of mutation {unknown}
 j - a potion of haste {unknown}
 l - a potion of lignification {unknown}
 p - a potion of flight {unknown}


   Skills:
 + Level 5.4 Fighting
 + Level 5.3 Axes
 + Level 4.7 Armour
 + Level 4.2 Dodging


You had 5 spell levels left.
You didn't know any spells.
Your spell library was empty.

Dungeon Overview and Level Annotations

Branches:
Dungeon (5/15)
 Temple: D:4-7

Altars:
Hepliaklqana
Okawaru
Uskayaw


Innate Abilities, Weirdness & Mutations

You reflexively headbutt those who attack you in melee.
You have a pair of horns on your head.


Message History

You hear a zap.
You hear a grinding noise.
The bullfrog hits you. The worker ant bites you.
The bullfrog hits you but does no damage.
The orc hits you with a +0 mace.
You climb upwards.
You feel sick.
There is a stone staircase leading down here.
Your skin crawls.
You feel strong-willed.
You feel sick. The bullfrog closely misses you. The worker ant bites you!
* * * LOW HITPOINT WARNING * * *
The bullfrog closely misses you. The worker ant bites you.
* * * LOW HITPOINT WARNING * * *
You closely miss the orc. Your headbutt misses the orc.
The orc is severely wounded.
You hit the worker ant but do no damage.
You hit the bullfrog. The orc hits you with a +0 mace.
* * * LOW HITPOINT WARNING * * *
The bullfrog closely misses you. The worker ant bites you!
You die...

##.#########.#.#.# #.............
.....# #.#.#.# #.##########..
##...## #.#...# #.# #......
#8...8######.##..###.######.###.#
##...##......##..........##.#....
##...##########..###.#......#.#..
##...##............#........#.###
#8...8#..######F.#.########.#....
##...########...@o..........#####
##...##8###8#.##B#.#.............
##............##.#...............
#8............##.#.#.#........##.
##............##.###.##.#<.......
#...##8###8#............####.#..
##...########....###.....# #.#..
#8...8#..........# #.....# #.###
##...###.........# #.....# #....


You could see a bullfrog, a worker ant and an orc.

Vanquished Creatures
  A sky beast (D:4)
  2 hounds
  An orc wizard (D:5)
  A worker ant (D:5)
  5 adders
  3 gnolls (D:5)
  An ooze (D:1)
  A worm (D:2)
  9 dart slugs
  A leopard gecko (D:1)
  8 orcs
  2 ball pythons (D:1)
  4 giant cockroaches
  9 goblins
  5 hobgoblins
  6 jackals
  3 quokkas
  9 bats
  5 frilled lizards
  7 kobolds
  8 rats
91 creatures vanquished.

Notes
Turn   | Place    | Note
-------+----------+-------------------------------------------
     0 | D:1      | dtburroughs the Minotaur Berserker began the quest for the
                  | Orb.
     0 | D:1      | Reached XP level 1. HP: 19/19 MP: 0/0
   195 | D:1      | Reached XP level 2. HP: 21/27 MP: 1/1
   519 | D:1      | Reached XP level 3. HP: 33/33 MP: 2/2
  1087 | D:2      | Reached ** piety under Trog
  1276 | D:2      | Reached XP level 4. HP: 41/41 MP: 3/3
  1281 | D:2      | Found an iron altar of Okawaru.
  1721 | D:2      | You fall into a shaft and drop 2 floors!
  1997 | D:2      | Found a hazy altar of Hepliaklqana.
  2738 | D:3      | Reached XP level 5. HP: 47/47 MP: 4/4
  3172 | D:4      | Noticed a sky beast
  3189 | D:4      | Killed a sky beast
  3190 | D:4      | Reached skill level 5 in Fighting
  3736 | D:4      | Reached skill level 5 in Axes
  3959 | D:4      | Found a hide-covered altar of Uskayaw.
  4318 | D:5      | Entered Level 5 of the Dungeon
  4338 | D:5      | Noticed a phantom
  4353 | D:5      | Reached XP level 6. HP: 19/56 MP: 5/5
  4359 | D:5      | Reached *** piety under Trog
  4803 | D:4      | Slain by a worker ant

Illustrated notes

Levels and vault maps discovered:
D:1:      onia_arrival_handbag, layout_basic, minmay_tripent
D:2:      layout_basic, kennysheep_okawaru_gauntlet, nzn_hepliaklqana_mist_gate
D:3:      kennysheep_slugbush, layout_basic
D:4:      layout_basic, overflow_temple_1_default, corexii_hall_statues_t
D:5:      layout_rooms, grunt_gozag_breadcrumbs, lemuel_crystal_altar,
          serial_corexii_hall, corexii_hall_statues_deadend,
          corexii_hall_statues_deadend, sigmund_edmund_badplayer, uniq_grinder

Skill      XL: |  1  2  3  4  5  6 |
---------------+-------------------+-----
Fighting       | 4 5 |  5.4
Axes           | 4 5 |  5.3
Armour         | 3 4 |  4.7
Dodging        | 3 4 |  4.2

Action                   |  1- 3 |  4- 6 || total
-------------------------+-------+-------++-------
Melee: Hand axe          |    74 |   115 ||   189
       Headbutt          |    12 |    16 ||    28
Invok: Berserk           |       |     2 ||     2
       Trog's Hand       |       |     1 ||     1
Armor: Animal skin       |    13 |    24 ||    37
Dodge: Dodged            |    54 |    97 ||   151
